 Dungeon Crawl Stone Soup version 0.26-a0-663-g36e8fdb655 (webtiles) character file.

Game seed: 2144303488026649707

458 sahdkjhfkaj the Chopper (level 7, 0/61 HPs)
             Began as a Hill Orc Fighter on Oct 11, 2020.
             Was a Follower of Beogh.
             Slain by a white imp (2 damage)
             ... summoned by Eustachio
             ... on level 4 of the Dungeon.
             The game lasted 00:07:13 (3928 turns).

sahdkjhfkaj the Chopper (Hill Orc Fighter)          Turns: 3928, Time: 00:07:14

Health: 0/61       AC: 13    Str: 19    XL:     7   Next: 6%
Magic:  9/9        EV:  5    Int: 10    God:    Beogh [*.....]
Gold:   168        SH:  9    Dex: 10    Spells: 6/6 levels left

rFire    . . .     SeeInvis .   a - +0 war axe
rCold    . . .     Faith    .   c - +0 kite shield
rNeg     . . .     Spirit   .   m - +0 chain mail
rPois    .         Reflect  .   (no helmet)
rElec    .         Harm     .   f - +0 cloak
rCorr    .         Rampage  .   g - +0 pair of gloves
MR       .....                  i - +0 pair of boots
Stlth    ..........             (no amulet)
HPRegen  0.20/turn              (no ring)
MPRegen  0.11/turn              (no ring)

@: no status effects
A: no striking features
a: Renounce Religion


You were on level 4 of the Dungeon.
You worshipped Beogh.
Beogh was aware of your devotion.
You visited 1 branch of the dungeon, and saw 4 of its levels.

You collected 168 gold pieces.

Inventory:

Hand Weapons
 a - a +0 war axe (weapon)
Armour
 c - a +0 kite shield (worn)
 f - a +0 cloak (worn)
 g - a +0 pair of gloves (worn)
 i - a +0 pair of boots (worn)
 m - a +0 chain mail (worn)
Scrolls
 b - a scroll of blinking
 e - a scroll of fear {unknown}
 j - a scroll of amnesia
 n - a scroll of remove curse
 o - a scroll of magic mapping {unknown}
 q - 3 scrolls of identify
Potions
 d - 2 potions of might
 h - a potion of lignification
 k - a potion of curing {unknown}
 l - a potion of brilliance {unknown}
 p - a potion of heal wounds {unknown}


   Skills:
 + Level 5.1 Fighting
 * Level 6.1 Axes
 + Level 4.6 Armour
 + Level 4.6 Shields
 + Level 2.7 Invocations


You had 6 spell levels left.
You didn't know any spells.
Your spell library was empty.

Dungeon Overview and Level Annotations

Branches:
Dungeon (4/15)
 Temple: D:4-7

Altars:

Annotations:
D:4 Eustachio


Message History

You closely miss the white imp.
The white imp is almost dead.
You closely miss the white imp. You slash Eustachio!
The white imp closely misses you.
The white imp hits you but does no damage.
Eustachio barely misses you. The white imp gestures at you.
The puff of frost hits you!
* * * LOW HITPOINT WARNING * * *
You block the white imp's attack.
Unknown command.
Unknown command.
Unknown command.
You closely miss Eustachio.
Eustachio is severely wounded.
You hit the white imp but do no damage. You hit the white imp.
Eustachio hits you but does no damage. The white imp hits you.
* * * LOW HITPOINT WARNING * * *
The white imp freezes you.
You die...

#.# ##..(## #...# #.# ##'##
#.### #.# #.# #.# #.# #.#
#.# #.# ##.## #.# #.# ###
##...## #.# ##.###.##
#.....# #.# #...#.#.##
##55@## #.# #.#..###.#
##@###########.#
#...#.#.######...>.........#
######.........#############
#########.# #.# #.# #†# #.#
#######†#


You could see Eustachio and 2 white imps.

Vanquished Creatures
  An ogre (D:3)
  A centaur (D:4)
  2 hounds (D:4)
  An iguana (D:4)
  2 worker ants (D:4)
  A gnoll (D:1)
  A howler monkey skeleton (D:4)
  4 adders
  A worm (D:2)
  A dart slug (D:3)
  2 leopard geckos (D:1)
  11 orcs
  16 bats
  5 giant cockroaches
  7 goblins
  8 hobgoblins
  4 jackals
  2 quokkas
  2 ball pythons
  5 frilled lizards
  6 kobolds
  9 rats
92 creatures vanquished.

Vanquished Creatures (others)
  An ufetubus (D:3)
1 creature vanquished.

Grand Total: 93 creatures vanquished

Notes
Turn   | Place    | Note
-------+----------+-------------------------------------------
     0 | D:1      | sahdkjhfkaj the Hill Orc Fighter began the quest for the
                  | Orb.
     0 | D:1      | Reached XP level 1. HP: 19/19 MP: 1/1
    38 | D:1      | Reached skill level 3 in Axes
   193 | D:1      | Reached XP level 2. HP: 27/27 MP: 2/2
   318 | D:1      | Reached XP level 3. HP: 33/33 MP: 3/3
  1215 | D:2      | Reached skill level 4 in Axes
  1336 | D:2      | Reached XP level 4. HP: 33/40 MP: 4/4
  1948 | D:3      | Became a worshipper of Beogh the Brigand
  3017 | D:4      | Reached skill level 1 in Invocations
  3017 | D:4      | Reached XP level 5. HP: 46/47 MP: 5/5
  3104 | D:4      | Reached * piety under Beogh
  3104 | D:4      | Noticed an ogre
  3183 | D:3      | Killed an ogre
  3183 | D:3      | Reached skill level 5 in Axes
  3183 | D:3      | Reached XP level 6. HP: 27/53 MP: 7/7
  3765 | D:4      | Reached skill level 5 in Fighting
  3826 | D:4      | Noticed Eustachio
  3843 | D:4      | Reached skill level 6 in Axes
  3855 | D:4      | Reached XP level 7. HP: 39/61 MP: 8/8
  3928 | D:4      | HP: 2/61 [white imp[Eustachio] (3)]
  3928 | D:4      | Slain by a white imp

Illustrated notes

Levels and vault maps discovered:
D:1:      scummos_arrival_forest, layout_basic, minmay_pentomino_v2
D:2:      layout_loops_ring
D:3:      layout_basic
D:4:      layout_loops_corners, nicolae_overflow_crystal_walls, uniq_eustachio

Skill      XL: |  1  2  3  4  5  6 |
---------------+-------------------+-----
Axes           | 3 4 5 6 |  6.1
Fighting       | 4 5 |  5.1
Armour         | 4 |  4.6
Shields        | 4 |  4.6
Invocations    | 1 2 |  2.7

Action                   |  1- 3 |  4- 6 |  7- 9 || total
-------------------------+-------+-------+-------++-------
Melee: War axe           |   125 |   216 |    58 ||   399
Invok: Convert to Beogh  |       |     1 |       ||     1
  Use: Scroll            |     1 |     4 |       ||     5
       Potion            |       |     1 |       ||     1
Armor: Scale mail        |   107 |     8 |       ||   115
       Chain mail        |       |   127 |    74 ||   201
Dodge: Dodged            |    70 |    44 |    25 ||   139
Block: Kite shield       |   122 |   110 |    53 ||   285

Table legend: (Time is in decaauts)
 A = Elapsed time spent in this place.
 B = Non-inter-level travel time spent in this place.
 C = Inter-level travel time spent in this place.
 D = Time resting spent in this place.
 E = Time spent auto-exploring this place.
 F = Levels seen in this place.
 G = Mean time per level.
                   A        B        C        D        E       F      G
               +--------+--------+--------+--------+--------+-----+--------+
         Total |   4069 |   3915 |    154 |    465 |   2394 |   4 | 1017.2 |
       Dungeon |   4069 |   3915 |    154 |    465 |   2394 |   4 | 1017.2 |
               +--------+--------+--------+--------+--------+-----+--------+

Top non-repeatable levels by time:
     D:3: 1266 daAuts
     D:1: 1135 daAuts
     D:2: 851 daAuts
     D:4: 815 daAuts
